 Dungeon Crawl Stone Soup version 0.30.1-11-g7821555f0a (webtiles) character file.

Game seed: 5134733561777463444

1439 bnorton916 the Thaumaturge (level 8, 0/40 (41) HPs)
             Began as a Deep Elf Fire Elementalist on Nov 11, 2023.
             Was a Follower of Vehumet.
             Slain by Maggie
             ... wielding a +1 broad axe of draining
              (15 damage)
             ... on level 6 of the Dungeon.
             The game lasted 00:14:07 (9454 turns).

bnorton916 the Thaumaturge (DEFE)                   Turns: 9454, Time: 00:14:08

HP:   0/40 (41)     AC:  6    Str:  5    XL:     8   Next: 45%
MP:   12/22         EV: 12    Int: 23    God:    Vehumet [*.....]
Gold: 427           SH:  0    Dex: 15    Spells: 10/23 levels left

rFire   + . .        (no weapon)
rCold   x . .        (no shield)
rNeg    . . .        a - +0 robe
rPois   +            B - +2 hat
rElec   .            h - +1 cloak {rPois}
rCorr   .            (no gloves)
SInv    .            (no boots)
Will    .....        (no amulet)
Stlth   ++           y - ring of fire
HPRegen 0.26/turn    z - ring of wizardry
MPRegen 0.18/turn

%: wizardry (x1)
@: mesmerised, lightly drained
A: no striking features
a: Renounce Religion


You were on level 6 of the Dungeon.
You worshipped Vehumet.
Vehumet was aware of your devotion.
You visited 2 branches of the dungeon, and saw 7 of its levels.

You collected 427 gold pieces.

Inventory:

Hand Weapons
 m - a +0 whip of venom
Missiles
 o - 10 poisoned darts
Armour
 a - a +0 robe (worn)
 h - a +1 cloak of poison resistance (worn)
 k - a +0 helmet
 B - a +2 hat (worn)
Jewellery
 y - a ring of fire (left hand)
 z - a ring of wizardry (right hand)
 D - a ring of resist corrosion
Wands
 l - a wand of paralysis (6)
 s - a wand of flame (20)
 F - a wand of mindburst (12)
Scrolls
 c - 2 scrolls of amnesia
 d - a scroll of blinking
 f - a scroll of noise {unknown}
 j - 2 scrolls of magic mapping {unknown}
 n - 2 scrolls of enchant weapon
 p - a scroll of enchant armour {unknown}
 r - 3 scrolls of teleportation
 u - a scroll of brand weapon {unknown}
 v - 7 scrolls of vulnerability
 x - 2 scrolls of poison {unknown}
Potions
 b - a potion of magic
 e - a potion of berserk rage {unknown}
 g - 3 potions of cancellation {unknown}
 i - a potion of lignification {unknown}
 q - 5 potions of curing
 t - 3 potions of brilliance
 w - a potion of flight {unknown}
 A - 2 potions of degeneration {unknown}
 C - 2 potions of heal wounds {unknown}
 E - a potion of might {unknown}
 G - 2 potions of resistance {unknown}


   Skills:
 + Level 1.3 Armour
 - Level 2.4 Dodging
 - Level 2.4 Stealth
 + Level 8.1 Spellcasting
 + Level 6.4 Conjurations
 - Level 3.0 Summonings
 - Level 6.8 Fire Magic


You had 10 spell levels left.
You knew the following spells:

 Your Spells              Type           Power      Damage    Failure   Level
a - Foxfire               Conj/Fire      100%       2x1d9     1%          1
b - Scorch                Fire           100%       2d9       1%          2
c - Flame Wave            Conj/Fire      56%        2d13      1%          4
d - Volatile Blastmotes   Fire/Tloc      74%        2d16      1%          3
e - Call Canine Familiar  Summ           23%        N/A       2%          3

Your spell library contained the following spells:

 Spells                   Type           Power      Damage    Failure   Level
 Magic Dart               Conj           100%       1d8       1%          1
 Summon Small Mammal      Summ           92%        N/A       1%          1
 Inner Flame              Hex/Fire       37%        N/A       1%          3
 Ignite Poison            Fire/Tmut/Pois 29%        N/A       3%          3
 Cigotuvi's Dreadful Rot  Necr/Pois/Air  18%        N/A       4%          2
 Summon Guardian Golem    Hex/Summ       16%        N/A       4%          3
 Ozocubu's Armour         Ice            9%         N/A       9%          3
 Vhi's Electric Charge    Tloc/Air       18%        N/A       9%          3
 Arcjolt                  Conj/Air       12%        1d22      21%         5
 Freezing Cloud           Conj/Ice/Air   9%         6-21      30%         5
 Plasma Beam              Fire/Air       18%        2x1d33    67%         6
 Ozocubu's Refrigeration  Ice            4%         4d8       100%        7


Dungeon Overview and Level Annotations

Branches:
Dungeon (6/15)             Temple (1/1) D:4

Altars:
Ashenzari
Kikubaaqudgha
Makhleb
Nemelex Xobeh
Trog
Vehumet
Wu Jian
Yredelemnul

Annotations:
D:6 Maggie


Message History

Maggie's fire resistance burns away.
Unknown command.
Casting: Scorch (safe; 1% risk of failure)
Confirm with . or Enter, or press ? or * to list all spells.
You feel a surge of power!
Flames lash Maggie but do no damage.
You break out of your daze.
Maggie misses you. Maggie closely misses you.
Unknown command.
Casting: Scorch (safe; 1% risk of failure)
Confirm with . or Enter, or press ? or * to list all spells.
You feel a surge of power!
Flames lash Maggie.
Maggie is burned terribly!
Maggie is moderately wounded.
Maggie completely misses you. Maggie closely misses you.
Unknown command.
Casting: Scorch (safe; 1% risk of failure)
Confirm with . or Enter, or press ? or * to list all spells.
You feel a surge of power!
You conjure some foxfire!
Maggie gestures wildly while chanting.
Maggie attempts to bespell you!
You are mesmerised by Maggie!
The foxfire hits Maggie but does no damage.
Maggie is moderately wounded.
The foxfire hits Maggie.
Maggie is burned terribly!
Maggie is heavily wounded.
Maggie casts a spell.
Maggie draws you further into her thrall.
Unknown command.
Casting: Foxfire (safe; 1% risk of failure)
Confirm with . or Enter, or press ? or * to list all spells.
You feel a surge of power!
You conjure some foxfire!
Maggie hits you with a +1 broad axe of draining!
You feel drained.
The foxfire hits Maggie.
Maggie is burned terribly!
Maggie is heavily wounded.
The foxfire hits Maggie.
Maggie is heavily wounded.
Maggie hits you with a +1 broad axe of draining!
You die...

### ### #.## ...# #####..##
....#####.......#
.....#.#..##...########
........##....###...#.##
.#....@.§##...###......#
#.....@....#..##.......
.......§.##.#..))......#
.##.......#....)#.#...##
##......####...........#.##...#
#........###.............##..##
##.........##..............#...#
##..........#...............##...
............................<#...
.........# ..# .....#.........#.


You could see Maggie (mesmerising, combustible).

Vanquished Creatures
  Sigmund (D:3)
  Edmund (D:4)
  An ice beast (D:6)
  A black bear (D:5)
  2 ogres
  2 bullfrogs (D:6)
  A scorpion (D:5)
  4 hounds
  2 jellies
  3 orc wizards
  A sleepcap (D:5)
  2 iguanas
  Robin (D:2)
  8 adders
  5 gnolls (D:2)
  A shadow imp (D:6)
  An ufetubus (D:5)
  A worm (D:4)
  3 dart slugs
  20 orcs
  10 endoplasms
  3 giant cockroaches
  18 goblins
  11 hobgoblins
  A jackal (D:4)
  3 quokkas
  4 ball pythons
  4 bats
  5 frilled lizards
  9 kobolds
  11 rats
140 creatures vanquished.

Vanquished Creatures (others)
  563 foxfires
563 creatures vanquished.

Grand Total: 703 creatures vanquished

Notes
Turn   | Place    | Note
-------+----------+-------------------------------------------
     0 | D:1      | bnorton916 the Deep Elf Fire Elementalist began the quest
                  | for the Orb.
     0 | D:1      | Reached XP level 1. HP: 10/10 MP: 6/6
   267 | D:1      | Reached XP level 2. HP: 15/15 MP: 4/8
  1516 | D:2      | Learned a level 2 spell: Scorch
  1587 | D:2      | Reached XP level 3. HP: 19/19 MP: 5/10
  1791 | D:2      | Noticed Robin
  2203 | D:2      | Killed Robin
  2204 | D:2      | Reached skill level 4 in Spellcasting
  2376 | D:2      | Reached XP level 4. HP: 24/24 MP: 8/12
  3079 | D:2      | Reached XP level 5. HP: 21/28 MP: 8/14
  4336 | D:2      | Reached skill level 5 in Spellcasting
  4886 | D:3      | Found a faded altar of an unknown god.
  5115 | D:3      | Noticed Sigmund
  5133 | D:3      | Killed Sigmund
  5134 | D:3      | Reached skill level 5 in Fire Magic
  5134 | D:3      | Reached XP level 6. HP: 23/32 MP: 8/16
  5142 | D:3      | Learned a level 4 spell: Flame Wave
  5429 | D:4      | Found a staircase to the Ecumenical Temple.
  5539 | Temple   | Entered the Ecumenical Temple
  5557 | Temple   | Became a worshipper of Vehumet
  5618 | D:4      | Noticed Edmund
  5629 | D:4      | Learned a level 3 spell: Volatile Blastmotes
  5915 | D:4      | Reached skill level 6 in Spellcasting
  6501 | D:4      | Killed Edmund
  6502 | D:4      | Reached XP level 7. HP: 36/36 MP: 9/18
  6695 | D:2      | Learned a level 3 spell: Call Canine Familiar
  7116 | D:5      | Entered Level 5 of the Dungeon
  7140 | D:5      | Reached skill level 5 in Conjurations
  7140 | D:5      | Reached skill level 1 in Summonings
  8191 | D:5      | Reached skill level 7 in Spellcasting
  8245 | D:5      | Reached XP level 8. HP: 41/41 MP: 5/20
  8528 | D:6      | Reached * piety under Vehumet
  8528 | D:6      | Offered knowledge of Magic Dart by Vehumet.
  9309 | D:6      | Reached skill level 1 in Armour
  9309 | D:6      | Reached skill level 8 in Spellcasting
  9437 | D:6      | Noticed Maggie
  9454 | D:6      | Slain by Maggie

Illustrated notes

Levels and vault maps discovered:
D:1:      minmay_arrival_wavy_path, layout_loops_ring
D:2:      layout_basic, minmay_gold_behind_fungi,
          minmay_randomly_rotated_circles, uniq_robin
D:3:      layout_basic, dreamdust_ecumenical_altar_angels_and_demons,
          amethyst_killhole, chequers_serial_rivers_large_a,
          hangedman_decor_riveting, nicolae_elevator_lobby_plus, uniq_sigmund
D:4:      layout_loops_cross, temple_green, minmay_pentangle, uniq_edmund
D:5:      layout_loops_corners
D:6:      layout_cave_pools, serial_bayou_pond_a, uniq_maggie
Temple:   hellmonk_temple_rainy

Skill      XL: |  1  2  3  4  5  6  7  8 |
---------------+-------------------------+-----
Conjurations   | 2 3 4 5 6 |  6.4
Spellcasting   | 4 5 6 7 8 |  8.1
Fire Magic     | 4 5 6 |  6.8
Summonings     | 2 3 |  3.0
Armour         | 1 |  1.3
Dodging        | |  2.4
Stealth        | |  2.4

Action                     |  1- 3 |  4- 6 |  7- 9 || total
---------------------------+-------+-------+-------++-------
   Cast: Foxfire           |    97 |   156 |    84 ||   337
         Scorch            |     5 |    11 |    19 ||    35
         Volatile Blastmot |       |     3 |       ||     3
         Flame Wave        |       |       |     1 ||     1
         Call Canine Famil |       |       |     1 ||     1
  Evoke: Wand              |       |     1 |       ||     1
    Use: Scroll            |       |       |     7 ||     7
 Armour: Robe              |     8 |    11 |     8 ||    27
  Dodge: Dodged            |    13 |    29 |    22 ||    64
